 Dungeon Crawl Stone Soup version 0.28.0 (webtiles) character file.

Game seed: 17294313349214884686

525 Morbidden the Twirler (level 7, 51/51 HPs)
             Began as a Demonspawn Gladiator on Feb 8, 2022.
             Quit the game on level 5 of the Dungeon.
             The game lasted 00:04:50 (4725 turns).

Morbidden the Twirler (Demonspawn Gladiator)        Turns: 4725, Time: 00:04:51

Health: 51/51      AC: 12    Str: 14    XL:     7   Next: 2%
Magic:  7/7        EV: 10    Int: 11    God:
Gold:   248        SH:  0    Dex: 15    Spells: 6/6 levels left

rFire   + . .      SeeInvis .   a - +1 quarterstaff
rCold   . . .      Faith    .   (shield currently unavailable)
rNeg    + . .      Spirit   .   i - +0 scale mail
rPois   .          Reflect  .   c - +0 helmet
rElec   .          Harm     .   (no cloak)
rCorr   .          Rampage  .   m - +0 pair of gloves
Will    .....                   l - +0 pair of boots
Stlth   ..........              (no amulet)
HPRegen 0.17/turn               e - ring of positive energy
MPRegen 0.10/turn               (no ring)

@: no status effects
A: slimy green scales 1, weakness stinger 1, fire resistance 1, high MP 1
a: no special abilities


You were on level 5 of the Dungeon.
You visited 1 branch of the dungeon, and saw 5 of its levels.

You collected 248 gold pieces.

Inventory:

Hand Weapons
 a - a +1 quarterstaff (weapon)
Missiles
 d - 8 poisoned darts (quivered)
Armour
 c - a +0 helmet (worn)
 i - a +0 scale mail (worn)
 l - a +0 pair of boots (worn)
 m - a +0 pair of gloves (worn)
Jewellery
 b - a ring of protection from cold
 e - a ring of positive energy (left hand)
Scrolls
 f - a scroll of immolation
 g - 3 scrolls of fog
 h - a scroll of identify
 k - 2 scrolls of teleportation
Potions
 j - a potion of curing {unknown}
 n - a potion of lignification {unknown}
 o - a potion of mutation


   Skills:
 * Level 2.8 Fighting
 * Level 5.3 Staves
 + Level 2.1 Throwing
 * Level 3.1 Armour
 * Level 3.6 Dodging
 + Level 1.0 Stealth


You had 6 spell levels left.
You didn't know any spells.
Your spell library was empty.

Dungeon Overview and Level Annotations

Branches:
Dungeon (5/15)
 Temple: D:4-7

Altars:

Annotations:
D:3 Grinder, Robin


Innate Abilities, Weirdness & Mutations

You are partially covered in slimy green scales. (AC +2)
You have a small tail.
Your flesh is heat resistant. (rF+)
You have an increased reservoir of magic. (+10% MP)


Message History

No target in view!
Unknown command.
No target in view!
No target in view!
Unknown command.
No target in view!
Unknown command.
As you read the scroll labelled FOTUIV OPUFYO, it crumbles to dust.
It is a scroll of identify.
k - 2 scrolls of teleportation Unknown command.
As you read the scroll labelled WISYASI QOER, it crumbles to dust.
It is a scroll of enchant weapon.
Your +0 quarterstaff glows red for a moment.
You now have 248 gold pieces (gained 11).
j - a black potion No target in view!
Found a stone staircase leading down.
No target in view!
There is a stone staircase leading down here.
You enter the shallow water.
Moving in this stuff is going to be slow.
A dart slug comes into view.
Found a coppery potion.
No reachable target in view!
A dart slug is nearby!
No reachable target in view!
A dart slug is nearby!
No reachable target in view!
No reachable target in view!
No reachable target in view!
Unknown command.
No reachable target in view!
Unknown command.
No reachable target in view!
Unknown command.
No reachable target in view!
The dart slug briefly extends its eye-stalks.
There is a stone staircase leading down here.
Are you sure you want to abandon this character and quit the game? (Confirm with "yes".)

.#...≈##. ..#.≈..
..≈≈# #w≈≈# ##≈≈.#
### #≈≈≈.# #..
##≈#.#
#.########...##
#.........@...#
#..#######.##.#
#####..#######.##.#
#...<...........#.#
#.####.####....##.#
#.# #...###.#
#.####...###.#
#.#..........#
#............#


You could see a dart slug.

Vanquished Creatures
  An ogre (D:4)
  A kobold brigand (D:4)
  A water moccasin skeleton (D:4)
  2 howler monkeys (D:4)
  A gnoll shaman (D:4)
  A hound skeleton (D:4)
  7 gnolls
  4 adders
  4 dart slugs
  10 orcs
  5 ball pythons
  4 bats
  6 endoplasms
  2 giant cockroaches
  13 goblins
  11 hobgoblins
  2 quokkas
  4 frilled lizards
  6 kobolds
  7 rats
92 creatures vanquished.

Vanquished Creatures (others)
  A fungus (D:1)
  5 plants (D:1)
6 creatures vanquished.

Grand Total: 98 creatures vanquished

Notes
Turn   | Place    | Note
-------+----------+-------------------------------------------
     0 | D:1      | Morbidden the Demonspawn Gladiator began the quest for the
                  | Orb.
     0 | D:1      | Reached XP level 1. HP: 16/16 MP: 1/1
   143 | D:1      | Gained mutation: You have a small tail. [demonic ancestry]
   143 | D:1      | Reached XP level 2. HP: 22/22 MP: 2/2
   224 | D:1      | Reached skill level 3 in Staves
   562 | D:1      | Reached XP level 3. HP: 17/27 MP: 3/3
   720 | D:1      | Found a faded altar of an unknown god.
  1580 | D:2      | Reached skill level 1 in Armour
  1596 | D:2      | Reached XP level 4. HP: 9/33 MP: 4/4
  2457 | D:3      | Noticed Grinder
  2461 | D:3      | Reached skill level 4 in Staves
  2462 | D:3      | Paralysed by Grinder for 5 turns
  2471 | D:3      | Gained mutation: You have an increased reservoir of magic.
                  | (+10% MP) [potion of mutation]
  2471 | D:3      | Gained mutation: Your flesh is heat resistant. (rF+)
                  | [potion of mutation]
  2514 | D:3      | Noticed Robin
  2815 | D:4      | Reached XP level 5. HP: 34/38 MP: 5/5
  3237 | D:4      | Reached XP level 6. HP: 46/46 MP: 6/6
  3781 | D:4      | Reached skill level 1 in Stealth
  3792 | D:4      | Reached skill level 5 in Staves
  4445 | D:4      | Gained mutation: You are partially covered in slimy green
                  | scales. (AC +2) [demonic ancestry]
  4445 | D:4      | Reached XP level 7. HP: 45/51 MP: 7/7
  4685 | D:5      | Entered Level 5 of the Dungeon
  4725 | D:5      | Quit the game

Illustrated notes

Levels and vault maps discovered:
D:1:      onia_arrival_pentagram, layout_basic,
          dreamdust_ecumenical_altar_grove, serial_bayou_crossing
D:2:      minmay_chambers_of_twos, layout_basic
D:3:      layout_basic, chequers_mini_garden, chequers_garden, uniq_robin,
          uniq_grinder, uniq_sigmund
D:4:      layout_basic, grunt_decor_arrowhead
D:5:      layout_loops_ring, gammafunk_temple_overflow_arena,
          minmay_temple_entry_overgrown, gammafunk_ghost_cemetery,
          nicolae_ossuary_entry_false_entrances, chequers_serial_rivers_small_a,
          chequers_big_river, serial_park_tiny_2,
          hangedman_decor_clover_reticule

Skill      XL: |  1  2  3  4  5  6 |
---------------+-------------------+-----
Staves         | 3 4 5 |  5.3
Dodging        | 3 |  3.6
Armour         | 1 2 3 |  3.1
Throwing       | 2 |  2.1
Stealth        | 1 |  1.0
Fighting       | |  2.8

Action                   |  1- 3 |  4- 6 |  7- 9 || total
-------------------------+-------+-------+-------++-------
Melee: Quarterstaff      |   111 |   169 |       ||   280
       Tailslap          |    10 |    24 |       ||    34
Throw: Javelin           |     2 |     2 |       ||     4
       Throwing net      |     1 |     4 |       ||     5
       Dart              |       |    11 |       ||    11
  Use: Potion            |       |     1 |       ||     1
       Scroll            |       |     2 |     2 ||     4
 Stab: Sleeping          |     1 |       |       ||     1
       Held in net/web   |       |     3 |       ||     3
Armor: Leather armour    |    28 |       |       ||    28
       Scale mail        |     8 |    86 |       ||    94
Dodge: Dodged            |    66 |   106 |       ||   172
